 Dungeon Crawl Stone Soup version 0.18-a0-1273-g8ec5f8e (webtiles) character file.

54 M4edhros the Charlatan (level 3, -2/23 HPs)
             Began as an Octopode Artificer on Feb 8, 2016.
             Slain by Duvessa
             ... wielding a +0 short sword
              (9 damage)
             ... on level 4 of the Dungeon.
             The game lasted 00:01:47 (1166 turns).

M4edhros the Charlatan (Octopode Artificer)         Turns: 1166, Time: 00:01:47

Health: -2/23      AC:  1    Str: 10    XL:     3   Next: 91%
Magic:  5/5        EV: 13    Int: 15    God:
Gold:   124        SH:  0    Dex: 12    Spells: 0 memorised, 2 levels left

rFire  . . .     SeeInvis .     a - +0 short sword
rCold  . . .     Gourm    .     (no shield)
rNeg   . . .     Faith    .     (helmet restricted)
rPois  .         Spirit   .     (no amulet)
rElec  .         Dismiss  .     (no ring)
rCorr  .         Reflect  .     (no ring)
SustAt .         Harm     .     (no ring)
MR     .....                    (no ring)
Stlth  +++.......               (no ring)
                                (no ring)
                                (no ring)
                                (no ring)

@: not resistant to hostile enchantments, fairly stealthy
A: almost no armour, amphibious, 8 rings, constrict 8, camouflage 1, gelatinous
body 1
a: no special abilities


You were on level 4 of the Dungeon.
You were not hungry.

You visited 1 branch of the dungeon, and saw 4 of its levels.

You collected 124 gold pieces.

Inventory:

Hand Weapons
 a - a +0 short sword (weapon)
Wands
 b - a wand of flame (14/48)
 c - a wand of enslavement (10/24)
 d - a wand of random effects (11/48)
Scrolls
 g - 3 scrolls of identify {unknown}
 h - 2 scrolls of remove curse {unknown}
 i - a scroll of magic mapping {unknown}
 m - 2 scrolls of teleportation {unknown}
 o - a scroll of blinking {unknown}
 p - a scroll of recharging {unknown}
 s - a scroll of fear {unknown}
 u - a scroll of enchant armour {unknown}
Potions
 e - a potion of might {unknown}
 j - 2 potions of heal wounds {unknown}
 k - a potion of haste {unknown}
 l - a potion of curing {unknown}
 n - a potion of degeneration {unknown}
 q - a potion of berserk rage {unknown}
Comestibles
 f - 2 bread rations
 r - 3 fruits
 t - a meat ration
 v - a slice of pizza


   Skills:
 - Level 1.0 Fighting
 - Level 1.0 Short Blades
 * Level 3.2 Dodging
 * Level 3.2 Stealth
 + Level 3.5 Evocations


You had 2 spell levels left.
You didn't know any spells.

Dungeon Overview and Level Annotations

Branches:
Dungeon (4/15)
 Temple: D:4-7

Altars:
Nemelex Xobeh

Annotations:
D:4 Duvessa


Innate Abilities, Weirdness & Mutations

You cannot wear most types of armour.
You are amphibious.
You can wear up to eight rings at the same time.
You can use your tentacles to constrict eight enemies at once.
Your skin changes colour to match your surroundings (Stealth).
Your rubbery body absorbs attacks (AC +1).


Message History

Aim: Duvessa, wielding a short sword (moderately wounded)
You hear a mighty clap of thunder!
The bolt of lightning misses Duvessa.
This wand has 12 charges left.
Duvessa closely misses you.
Evoke which item? (* to show all) (? for menu, Esc to quit)
Zapping:
d - a wand of random effects (12/48)
Press: ? - help, Shift-Dir - straight line, f/p - Duvessa
Aim: Duvessa, wielding a short sword (moderately wounded) Duvessa flickers and vanishes!
Deactivating autopickup; reactivate with Ctrl-A.
This wand has 11 charges left.
Something hits you.
Evoke which item? (* to show all) (? for menu, Esc to quit)
Zapping:
c - a wand of enslavement (12/24)
Press: ? - help, Shift-Dir - straight line, f - you Nothing appears to happen.
This wand has 11 charges left.
Something hits you!
Evoke which item? (* to show all) (? for menu, Esc to quit)
Zapping:
c - a wand of enslavement (11/24)
Press: ? - help, Shift-Dir - straight line, f - you Nothing appears to happen.
This wand has 10 charges left.
Something hits you!
You die...

......#.....###########
......#......'........#
......#......#........#
......#......#........#
......#......#........#
......#......#........#
......#.....###'#######
......#.....##.......##.
......#.........@.......
......#........{........
......#.................
...<..#.................
......#.................
......#.....##.......##.
......#.....##########
......#.......
#######........


There were no monsters in sight!

Vanquished Creatures
  3 adders
  An ooze (D:1)
  2 giant cockroaches
  5 goblins
  3 hobgoblins
  A jackal (D:1)
  A ball python (D:1)
  4 bats
  2 giant newts
  3 kobolds
  A rat (D:3)
26 creatures vanquished.

Vanquished Creatures (collateral kills)
  A hobgoblin (D:2)
1 creature vanquished.

Vanquished Creatures (others)
  An adder (D:2)
  A jackal (D:1)
2 creatures vanquished.

Grand Total: 29 creatures vanquished

Notes
Turn   | Place    | Note
--------------------------------------------------------------
     0 | D:1      | M4edhros the Octopode Artificer began the quest for the Orb.
     0 | D:1      | Reached XP level 1. HP: 13/13 MP: 3/3
    48 | D:1      | Reached XP level 2. HP: 16/18 MP: 4/4
   631 | D:2      | Reached XP level 3. HP: 17/23 MP: 5/5
   994 | D:3      | Found a sparkling altar of Nemelex Xobeh.
  1148 | D:4      | Noticed Duvessa
  1166 | D:4      | Slain by Duvessa

Vault maps used:
D:1:      matt_arrival_grand_opening
D:2:      lemuel_zombie_altar_yredelemnul
D:3:      nicolae_overflow_crystal_walls, uniq_sigmund, uniq_iyjb, uniq_jessica
D:4:      serial_shops, nicolae_shop_window_shopping, first_bread, uniq_duvessa,
          uniq_eustachio

Action                   || total
-------------------------++-------
Melee: Short sword       ||    60
Evoke: Wand              ||    10
 Stab: Sleeping          ||     6
  Eat: Chunk             ||     1
